Unix NetHack Version 5.0.0-0 post-release - last build May 10 2026 23:12:36 (d1fa5d53e341ca933230fdaa984d921c805b60aa,branch:main).

Game began 2026-05-13 13:42:08, ended 2026-05-14 08:51:49.

Jeroenix, chaotic male human Rogue

                                              --
                                            ---.            --
                                            |...           --.
                                          ---....          |...
                                         | ......-           ..--
                                       ---.  ..%..            ..----
                                       -....  ....-          --....|
                                        ......-....----      |.....--
                                           ...........     ---......--  ----0|
                                             .........     |.G.......----..|.--
                                                .)...      |.|.....)).........|
                                                 |...---  --.|.f.............--
                                                  -.<..-- |..|-..............|
                                                  ----..---.--|..@.....).....|
                                                     --.....| ---......-.....--
                                                      --...--   --............|
                                                       --.--     |..|.------.--
                                                        ---      ------     --
Jeroenix the Cutpurse   St:14 Dx:18 Co:13 In:9 Wi:3 Ch:11  Chaotic
Dlvl:4  $:43 HP:27(31) Pw:13(13) AC:4  Xp:4 T:1369 

Latest messages:
 It picks up a bow.
 In what direction? h
 You throw 2 daggers.
 The 1st dagger hits the gnome lord.
 The 2nd dagger hits the gnome lord.
 The gnome lord wields a thonged club!
 The gnome lord secures the tether on the thonged club.
 In what direction? h
 The dagger hits the gnome lord.
 It picks up 7 arrows.
 The gnome lord picks up a +0 dagger.
 In what direction? h
 You throw 2 daggers.
 The 1st dagger hits the gnome lord.
 You kill the gnome lord!
 Welcome to experience level 4.
 It picks up a yellow gem.
 It picks up a crossbow bolt.
 It picks up a crossbow bolt.
 Wait!  There's something there you can't see!
 In what direction? b
 You throw 2 daggers.
 The 1st dagger hits it.
 The 2nd dagger hits it.
 It hits!
 The gnome picks up a +0 dagger.
 It picks up 2 +0 daggers.
 You have no ammunition readied.
 What do you want to fire? [$b or ?*] <space>
 Never mind.
 It picks up a hooded cloak.
 It picks up a +0 dagger.
 g - 2 +0 daggers (at the ready).
 It hits!
 What do you want to drink? [do or ?*] ?
 You feel much better.
 What do you want to drink? [d or ?*] ?
 Yecch!  This stuff tastes like poison.
 Your judgement is impaired.
 The kitten misses it.
 The kitten bites it.
 The kitten misses it.
 The kitten misses it.
 The kitten bites it.
 It misses the kitten.
 The kitten bites it.
 The kitten misses it.
 The kitten misses it.
 Really quit without saving? [yn] (n) y
 Do you want your possessions identified? [ynq] (y) q

Inventory:
 Coins    ('$')
  $ - 43 gold pieces
 Weapons  (')')
  b - a blessed +0 dagger (alternate weapon; not wielded)
  g - 2 +0 daggers (at the ready)
 Armor    ('[')
  t - an uncursed +0 banded mail (being worn)
 Comestibles  ('%')
  j - an uncursed cream pie
  i - 3 uncursed food rations
  A - an uncursed lembas wafer
  k - an uncursed egg
 Scrolls  ('?')
  r - an uncursed scroll of destroy armor
  s - an uncursed scroll of enchant weapon
  h - a blessed scroll of gold detection
  w - an uncursed scroll of light
 Spellbooks  ('+')
  u - an uncursed spellbook of confuse monster
 Rings    ('=')
  l - an uncursed ring of warning (on left hand)
 Wands    ('/')
  x - a wand of secret door detection (0:12)
  m - a wand of stasis (0:3)
 Tools    ('(')
  f - an empty uncursed sack
  e - an uncursed lock pick
  q - an uncursed skeleton key
  B - an uncursed tin opener
  z - an uncursed tin whistle
 Gems/Stones  ('*')
  p - 2 uncursed worthless pieces of black glass
  n - an uncursed worthless piece of yellowish brown glass

Jeroenix the Rogue's attributes:

Background:
 You were a Cutpurse, a level 4 male human Rogue.
 You were chaotic, on a mission for Kos
 who was opposed by Issek (lawful) and Mog (neutral).
 You were left-handed.
 You were in the Gnomish Mines, on level 4.
 You entered the dungeon 1369 turns ago.
 You had 80 experience points, 80 more were needed to attain level 5.

Basics:
 You had 27 out of 31 hit points.
 You had all 13 energy points (spell power).
 Your armor class was 4.
 Your wallet contained 43 zorkmids.
 Autopickup was on for '$' plus thrown.

Final Characteristics:
 Your strength was 14 (limit:18/100).
 Your dexterity was 18 (limit:18).
 Your constitution was 13 (limit:18).
 Your intelligence was 9 (limit:18).
 Your wisdom was 3 (peak:8, limit:18).
 Your charisma was 11 (limit:18).

Final Status:
 You weren't hungry.
 You were unencumbered.
 You were bare handed.
 You were unskilled in bare handed combat.

Final Attributes:
 You were devoutly aligned.
 You were warned.
 You were stealthy.
 You were warded.
 You survived.

Miscellaneous:
 You didn't encounter any bones levels.
 Total elapsed playing time was 56 minutes and 16 seconds.

Major events:
 Turn
    1: Jeroenix the chaotic male human Rogue entered the dungeon
 1063: attained the rank of Cutpurse (level 3)
 1274: entered the Gnomish Mines
 1369: quit

You didn't know any spells.

Skills:
 Fighting Skills
   bare handed combat [Unskilled]
   two weapon combat  [Unskilled]
   riding             [Unskilled]
 Weapon Skills
   dagger             [Basic]
   knife              [Unskilled]
   short sword        [Basic]
   broadsword         [Unskilled]
   long sword         [Unskilled]
   two-handed sword   [Unskilled]
   saber              [Unskilled]
   club               [Unskilled]
   mace               [Unskilled]
   morning star       [Unskilled]
   flail              [Unskilled]
   hammer             [Unskilled]
   polearms           [Unskilled]
   spear              [Unskilled]
   crossbow           [Unskilled]
   dart               [Unskilled]
   shuriken           [Unskilled]
 Spellcasting Skills
   divination spells  [Unskilled]
   escape spells      [Unskilled]
   matter spells      [Unskilled]

Voluntary challenges:
 Character rerolling was not enabled.
 You never genocided any monsters.
 You never polymorphed an object.
 You never changed form.
 You used no wishes.
Achievements:
 You attained the rank of Cutpurse.
 You entered the Gnomish Mines.

 The Dungeons of Doom: levels 1 to 3
    Level 1:
       Many fountains.
    Level 2:
       A fountain, a grave.
    Level 3:
       Stairs down to The Gnomish Mines.
 The Gnomish Mines:
    Level 4: <- You were here.


Vanquished creatures:
  a gnome leader
  a dwarf
 an acid blob
  a brown mold
  3 gnomes
  6 jackals
  a kobold
  2 goblins
  2 grid bugs
  4 lichens
  3 newts
25 creatures vanquished.

No species were genocided or became extinct.

Goodbye Jeroenix the Rogue...

You quit in The Gnomish Mines on dungeon level 4 with 543 points,
and 43 pieces of gold, after 1369 moves.
You were level 4 with a maximum of 31 hit points when you quit.

